 Dungeon Crawl Stone Soup version 0.29-a0-2-g12fcac58f8 (webtiles) character file.

Game seed: 5596234044563277147

70 HallandMoats the Ruffian (level 4, -2/40 HPs)
             Began as a Ghoul Monk on Jan 27, 2022.
             Slain by an orc warrior (10 damage)
             ... on level 3 of the Dungeon.
             The game lasted 00:02:29 (2190 turns).

HallandMoats the Ruffian (Ghoul Monk)               Turns: 2190, Time: 00:02:30

Health: -2/40      AC:  9    Str: 16    XL:     4   Next: 21%
Magic:  4/4        EV:  7    Int:  5    God:
Gold:   112        SH:  0    Dex: 11    Spells: 3/3 levels left

rFire   . . .      SeeInvis .     - Unarmed
rCold   + . .      Faith    .   (no shield)
rNeg    + + +      Spirit   .   k - +1 chain mail
rPois   ∞          Reflect  .   (no helmet)
rElec   .          Harm     .   (no cloak)
rCorr   .          Rampage  .   (no gloves)
Will    .....                   (no boots)
Stlth   ..........              (no amulet)
HPRegen 0.00/turn               (no ring)
MPRegen 0.09/turn               (no ring)

@: mighty, inhibited regen
A: claws 1, cold resistance 1, negative energy resistance 3, inhibited
regeneration, torment resistance 2
a: no special abilities


You were on level 3 of the Dungeon.
You visited 1 branch of the dungeon, and saw 3 of its levels.

You collected 112 gold pieces.

Inventory:

Armour
 h - a +0 tower shield
 k - a +1 chain mail (worn)
Potions
 a - a potion of berserk rage {unknown}
 d - 2 potions of curing
 f - a potion of might
 g - a potion of degeneration {unknown}
 i - a potion of haste {unknown}
 l - a potion of attraction {unknown}


   Skills:
 * Level 3.9 Fighting
 + Level 0.7 Armour
 + Level 3.0 Dodging
 - Level 2.1 Stealth
 * Level 4.0 Unarmed Combat
 * Level 1.6 Invocations


You had 3 spell levels left.
You didn't know any spells.
Your spell library contained the following spells:

 Spells                   Type           Power      Damage    Failure   Level
 Corpse Rot               Necr/Air       0%         N/A       100%        2
 Poisonous Vapours        Pois/Air       0%         N/A       100%        2


Dungeon Overview and Level Annotations

Branches:
Dungeon (3/15)

Altars:


Innate Abilities, Weirdness & Mutations

You thrive by killing the living.
You are immune to poison.
You have sharp fingernails.
Your flesh is cold resistant. (rC+)
You are immune to negative energy. (rN+++)
You do not regenerate when monsters are visible.
You are immune to unholy pain and torment.


Message History

It is a scroll of enchant armour.
Your +0 chain mail glows green for a moment.
As you read the scroll labelled VASOCS QOOD, it crumbles to dust.
You hear a loud clanging noise!
It was a scroll of noise.
Unknown command.
As you read the scroll labelled LOKKEO NANNEEZ, it crumbles to dust.
You feel momentarily disoriented.
It was a scroll of magic mapping.
Unknown command.
Done exploring.
Done exploring.
It was a potion of curing.
You feel better.
It was a potion of might.
You feel very mighty all of a sudden.
You climb downwards.
There is a stone staircase leading up here.
The orc closely misses you.
You claw the orc!
You kill the orc!
Your Unarmed Combat skill increases to level 4!
You scratch the orc warrior but do no damage.
The orc hits you but does no damage.
The orc warrior hits you but does no damage.
Things that are here:
a +0 dagger; a +0 ring mail; an orc corpse You closely miss the orc warrior.
The orc hits you with a +0 dagger. The orc warrior barely misses you.
You closely miss the orc warrior. The orc hits you but does no damage.
You claw the orc warrior!
The orc warrior is moderately wounded.
The orc warrior barely misses you. The orc barely misses you.
The orc warrior hits you with a +0 dire flail!!
You closely miss the orc warrior.
The orc warrior is moderately wounded.
The orc warrior hits you with a +0 dire flail!
* * * LOW HITPOINT WARNING * * *
You claw the orc warrior!
The orc warrior is severely wounded.
The orc warrior hits you with a +0 dire flail!
You die...

#.# #.# ### #### #.# #..
... ...# #.#####.## ..
... #.##..... .. #..
#.##.##.# .# #..
#.##.##@# ..#
#####..###.##.##o##..####
.......o.......)o........
#####..#########......##
#.. #<####.# #.o #.# #
##o #.# .o #.# ## #(#


You could see an orc warrior and an orc.

Vanquished Creatures
  4 adders (D:2)
  A worm (D:2)
  An orc (D:3)
  An endoplasm (D:1)
  A giant cockroach (D:1)
  A goblin (D:2)
  4 hobgoblins
  A quokka (D:2)
  4 ball pythons
  6 bats
  A frilled lizard (D:1)
  4 kobolds
  2 rats
31 creatures vanquished.

Notes
Turn   | Place    | Note
-------+----------+-------------------------------------------
     0 | D:1      | HallandMoats the Ghoul Monk began the quest for the Orb.
     0 | D:1      | Reached XP level 1. HP: 19/19 MP: 0/0
   479 | D:1      | Reached XP level 2. HP: 24/26 MP: 1/1
  1199 | D:2      | Reached skill level 1 in Invocations
  1199 | D:2      | Reached XP level 3. HP: 27/31 MP: 2/2
  1778 | D:2      | Reached XP level 4. HP: 40/40 MP: 4/4
  2159 | D:3      | Noticed an orc warrior
  2182 | D:3      | Reached skill level 4 in Unarmed Combat
  2190 | D:3      | Slain by an orc warrior

Illustrated notes

Levels and vault maps discovered:
D:1:      matt_arrival_grand_opening, layout_basic
D:2:      layout_loops_corners, minmay_diced_spiral
D:3:      layout_loops_ring, fedhas_altar_3, shapermc_ecumenical_altar_pompeii

Skill      XL: |  1  2  3  4 |
---------------+-------------+-----
Invocations    | 1 |  1.6
Dodging        | 3 |  3.0
Unarmed Combat | 4 |  4.0
Fighting       | |  3.9
Armour         | |  0.7
Stealth        | |  2.1

Action                   |  1- 3 |  4- 6 || total
-------------------------+-------+-------++-------
Melee: Unarmed           |   103 |    13 ||   116
       Punch             |     3 |       ||     3
  Use: Scroll            |       |     4 ||     4
       Potion            |       |     2 ||     2
 Stab: Sleeping          |     2 |       ||     2
Armor: Robe              |    22 |     1 ||    23
       Chain mail        |       |     5 ||     5
Dodge: Dodged            |    91 |     4 ||    95

Table legend: (Time is in decaauts)
 A = Elapsed time spent in this place.
 B = Non-inter-level travel time spent in this place.
 C = Inter-level travel time spent in this place.
 D = Time resting spent in this place.
 E = Time spent auto-exploring this place.
 F = Levels seen in this place.
 G = Mean time per level.
                   A        B        C        D        E       F      G
               +--------+--------+--------+--------+--------+-----+--------+
         Total |   2182 |   2113 |     69 |      0 |   1812 |   3 |  727.3 |
       Dungeon |   2182 |   2113 |     69 |      0 |   1812 |   3 |  727.3 |
               +--------+--------+--------+--------+--------+-----+--------+

Top non-repeatable levels by time:
     D:2: 1102 daAuts
     D:1: 1044 daAuts
     D:3: 35 daAuts
